 Dungeon Crawl Stone Soup version 0.29.1-15-g9cfb28693d (webtiles) character file.

Game seed: 9042187474572511255

2158 steph the Basher (level 9, -10/56 HPs)
             Began as a Gargoyle Fighter on Apr 21, 2023.
             Was a Follower of the Shining One.
             Shot with a bolt by an orc warrior (20 damage)
             ... on level 6 of the Dungeon.
             The game lasted 00:52:38 (6311 turns).

steph the Basher (Gargoyle Fighter)                 Turns: 6311, Time: 00:52:39

Health: -10/56     AC: 19    Str: 24    XL:     9   Next: 31%
Magic:  9/9        EV:  6    Int: 15    God:    the Shining One [*.....]
Gold:   109        SH:  4    Dex:  9    Spells: 8/8 levels left

rFire   . . .      SeeInvis .   t - +4 whip (elec)
rCold   . . .      Faith    .   g - +0 buckler
rNeg    + . .      Spirit   .   p - +0 plate armour
rPois   ∞          Reflect  .   (no helmet)
rElec   +          Harm     .   (no cloak)
rCorr   .          Rampage  .   (no gloves)
Will    .....                   e - +0 pair of boots
Stlth   ..........              (no amulet)
HPRegen 0.18/turn               c - +6 ring of intelligence
MPRegen 0.11/turn               (no ring)

@: glowing
A: sickness immunity, AC +6, negative energy resistance 1, electricity
resistance, torment resistance 1, petrification resistance
a: Renounce Religion, Divine Shield


You were on level 6 of the Dungeon.
You worshipped the Shining One.
The Shining One was aware of your devotion.
You visited 1 branch of the dungeon, and saw 6 of its levels.

You collected 291 gold pieces.
You spent 182 gold pieces at shops.

Inventory:

Hand Weapons
 t - a +4 whip of electrocution (weapon)
 C - a +4 battleaxe of freezing
Missiles
 f - 37 stones
 w - 8 boomerangs (quivered)
Armour
 e - a +0 pair of boots (worn)
 g - a +0 buckler (worn)
 p - a +0 plate armour (worn)
Magical Staves
 a - a staff of cold
 b - a staff of conjuration
 h - a staff of air
Jewellery
 c - a +6 ring of intelligence (left hand)
 A - a ring of magical power
Wands
 y - a wand of quicksilver (1)
Scrolls
 i - 4 scrolls of fear {unknown}
 k - 3 scrolls of magic mapping {unknown}
 l - 13 scrolls of identify
 o - a scroll of silence {unknown}
 r - 2 scrolls of noise {unknown}
 s - 2 scrolls of enchant armour {unknown}
 u - 3 scrolls of poison
 v - 2 scrolls of brand weapon {unknown}
 x - a scroll of teleportation
Potions
 d - a potion of might
 j - a potion of resistance {unknown}
 m - a potion of heal wounds {unknown}
 n - a potion of invisibility {unknown}
 q - a potion of berserk rage {unknown}
 z - a potion of magic {unknown}
 B - 2 potions of lignification {unknown}
 D - a potion of degeneration {unknown}


   Skills:
 * Level 6.8 Fighting
 - Level 1.1 Short Blades
 * Level 10.2 Maces & Flails
 + Level 0.1 Throwing
 - Level 4.0 Armour
 - Level 0.8 Dodging
 - Level 0.1 Stealth
 - Level 4.0 Shields


You had 8 spell levels left.
You didn't know any spells.
Your spell library contained the following spells:

 Spells                   Type           Power      Damage    Failure   Level
 Magic Dart               Conj           0%         1d3       99%         1
 Ensorcelled Hibernation  Hex/Ice        0%         N/A       100%        2
 Passwall                 Tmut/Erth      0%         N/A       100%        2
 Searing Ray              Conj           0%         2d4       100%        2
 Swiftness                Air            0%         N/A       100%        3
 Fulminant Prism          Conj/Hex       0%         3d6       100%        4


Dungeon Overview and Level Annotations

Branches:
Dungeon (6/15)
 Temple: D:4-7

Altars:
Qazlal
Ru
Yredelemnul
The Shining One

Shops:
D:4 ?   D:5 :

Annotations:
D:2 Sigmund
D:5 Prince Ribbit


Innate Abilities, Weirdness & Mutations

You are immune to sickness and miasma.
Your stone body is resilient. (AC +6)
You are immune to poison.
You resist negative energy. (rN+)
You are resistant to electric shocks. (rElec)
You are resistant to unholy torment.
You are immune to petrification.


Message History

An orc is nearby!
A jelly, an orc warrior and an orc come into view.
The orc is wielding a +2 antimagic whip.
The jelly quivers.
The orc warrior shouts!
The orc shouts! x2
Things that are here:
a +0 rapier; a +0 leather armour; the human corpse of Eustachio The orc priest invokes the aid of Beogh against you.
Beogh smites you!
You hit the orc. Lightning courses through the orc!
You kill the orc!
The orc warrior unwields a +0 halberd.
The orc warrior wields a +0 arbalest.
The orc warrior shoots a bolt.
The bolt hits you but does no damage.
You hit the jelly. Lightning courses through the jelly!!
You kill the jelly!
You throw a boomerang.
The boomerang hits the orc warrior but does no damage.
The orc warrior shoots a bolt.
The bolt hits you but does no damage.
You throw a boomerang.
The boomerang barely misses the orc warrior.
The boomerang hits the orc priest.
The orc priest is moderately wounded.
The orc warrior shoots a bolt.
The bolt barely misses you.
The orc warrior shoots a bolt.
You block the bolt.
You throw a boomerang.
The boomerang closely misses the orc warrior.
The boomerang hits the orc priest!
The orc priest is almost dead.
The orc priest invokes the aid of Beogh against you.
Beogh smites you!
The orc warrior shoots a bolt.
The bolt hits you!
The orc warrior shoots a bolt.
The bolt hits you.
The orc warrior shoots a bolt.
The bolt hits you.
The orc warrior shoots a bolt.
The bolt hits you but does no damage.
The orc warrior shoots a bolt.
The bolt barely misses you.
The orc warrior shoots a bolt.
The bolt hits you but does no damage.
The orc warrior shoots a bolt.
The bolt hits you but does no damage.
The orc warrior shoots a bolt.
The bolt hits you!
* * * LOW HITPOINT WARNING * * *
The orc warrior shoots a bolt.
The bolt hits you!!
You die...

#....##### ##...#
#..#o....## ###....#
#..#......## ##.....##
#.##.......## ##.....##
##)##........###.....##
#..##................#
#
#o###......^#.......##
# ##.#
#......###.......# ##
#oo# #...@<##
#........# .# ##..#
##.[.## #........# .##
#<..# #..## #........#
..# ##...# ####
#........# ..# #...##
#......### ..####...#
......##
...##....#######
..##....
...##.......o.J####..#
...))..........o....#


You could see an orc warrior.

Vanquished Creatures
  Eustachio (D:6)
  Duvessa (D:5)
  A water moccasin (D:6)
  A black bear (D:5)
  2 ice beasts (D:6)
  An ogre (D:6)
  A phantom (D:5)
  4 necrophages
  A water moccasin zombie (D:5)
  2 wights (D:5)
  Dowan (D:5)
  A howler monkey (D:6)
  A bullfrog zombie (D:5)
  2 centaur zombies (D:5)
  5 jellies
  2 orc priests
  3 hounds
  A human zombie (D:5)
  Terence (D:2)
  Ijyb (D:5)
  4 iguanas
  3 orc wizards
  A hound zombie (D:5)
  A mummy (D:5)
  Robin (D:2)
  5 gnolls
  6 adders
  An ufetubus (D:4)
  A dart slug (D:1)
  12 orcs
  2 endoplasms (D:1)
  A giant cockroach (D:3)
  15 goblins
  2 hobgoblins (D:4)
  3 jackals (D:3)
  A kobold (D:4)
  2 quokkas
  13 ball pythons
  3 bats
  2 frilled lizards
  9 rats
121 creatures vanquished.

Vanquished Creatures (others)
  A fungus (D:4)
  A plant (D:4)
2 creatures vanquished.

Grand Total: 123 creatures vanquished

Notes
Turn   | Place    | Note
-------+----------+-------------------------------------------
     0 | D:1      | steph the Gargoyle Fighter began the quest for the Orb.
     0 | D:1      | Reached XP level 1. HP: 14/14 MP: 1/1
   473 | D:1      | Found a faded altar of an unknown god.
   525 | D:1      | Reached XP level 2. HP: 19/19 MP: 2/2
   889 | D:1      | Reached XP level 3. HP: 23/23 MP: 3/3
  1571 | D:2      | Noticed Terence
  1699 | D:3      | Found a glowing golden altar of the Shining One.
  1852 | D:3      | Reached XP level 4. HP: 26/28 MP: 4/4
  2052 | D:2      | Reached skill level 1 in Short Blades
  2358 | D:2      | Noticed Robin
  2369 | D:2      | Killed Robin
  2370 | D:2      | Reached skill level 3 in Maces & Flails
  2370 | D:2      | Reached XP level 5. HP: 28/32 MP: 5/5
  2570 | D:2      | Killed Terence
  2605 | D:2      | Noticed Sigmund
  2840 | D:4      | Found a sacrificial altar of Ru.
  3054 | D:4      | Found Tatunwig's Magic Scroll Emporium.
  3063 | D:4      | Bought a scroll of identify for 28 gold pieces
  3063 | D:4      | Bought a scroll of teleportation for 42 gold pieces
  3063 | D:4      | Bought a scroll of poison for 56 gold pieces
  3063 | D:4      | Bought a scroll of identify for 28 gold pieces
  3063 | D:4      | Bought a scroll of identify for 28 gold pieces
  3107 | D:4      | Reached skill level 4 in Maces & Flails
  3107 | D:4      | Reached XP level 6. HP: 38/38 MP: 6/6
  3443 | D:4      | Reached skill level 5 in Maces & Flails
  3774 | D:5      | Entered Level 5 of the Dungeon
  3774 | D:5      | Found a stormy altar of Qazlal.
  3776 | D:5      | Noticed Dowan
  3792 | D:5      | Killed Dowan
  3792 | D:5      | Noticed Duvessa
  3793 | D:5      | Reached XP level 7. HP: 38/44 MP: 7/7
  3803 | D:5      | Killed Duvessa
  3804 | D:5      | Reached skill level 6 in Maces & Flails
  4171 | D:3      | Became a worshipper of the Shining One
  4517 | D:5      | Reached skill level 5 in Fighting
  4555 | D:5      | Reached skill level 7 in Maces & Flails
  4637 | D:5      | Reached XP level 8. HP: 29/49 MP: 8/8
  4767 | D:5      | Noticed Ijyb
  4808 | D:5      | Killed Ijyb
  5061 | D:5      | Found Agumue's Tremendous Tomes.
  5228 | D:5      | Noticed Prince Ribbit
  5511 | D:5      | Reached skill level 8 in Maces & Flails
  5600 | D:5      | Reached * piety under the Shining One
  5658 | D:5      | Found a basalt altar of Yredelemnul.
  5694 | D:5      | Reached skill level 9 in Maces & Flails
  5960 | D:6      | Reached XP level 9. HP: 47/56 MP: 9/9
  6093 | D:6      | Reached skill level 10 in Maces & Flails
  6177 | D:6      | Noticed Eustachio
  6190 | D:6      | Killed Eustachio
  6311 | D:6      | Shot with a bolt by an orc warrior

Illustrated notes

Levels and vault maps discovered:
D:1:      scummos_arrival_star, layout_loops_ring,
          nicolae_ecumenical_snake_handling, minmay_tromino_v4_b
D:2:      layout_basic, uniq_sigmund, uniq_robin, uniq_terence
D:3:      layout_basic, mainiacjoe_overflow_paths
D:4:      layout_loops_ring, nicolae_ru_the_path_less_chosen, serial_shops,
          nicolae_diamond_shop
D:5:      layout_gridville, lemuel_mausoleum_altar_yredelemnul,
          nicolae_qazlal_scattered_showers, minmay_misc_feat_iff,
          nicolae_shop_i_like_big_books, uniq_crazy_yiuf_cottage, uniq_ijyb,
          uniq_duvessa, uniq_prince_ribbit1
D:6:      layout_cave_pods, nicolae_overflow_squiral,
          gammafunk_ghost_stat_death, eino_small_chamber_without_monster,
          nicolae_lava_and_water, uniq_eustachio

Skill      XL: |  1  2  3  4  5  6  7  8  9 |
---------------+----------------------------+-----
Short Blades   | 1 |  1.1
Shields        | 4 |  4.0
Armour         | 4 |  4.0
Maces & Flails | 3 4 5 7 9 10 | 10.2
Fighting       | 4 5 6 |  6.8
Throwing       | |  0.1
Dodging        | |  0.8
Stealth        | |  0.1

Action                   |  1- 3 |  4- 6 |  7- 9 || total
-------------------------+-------+-------+-------++-------
Melee: Flail             |    64 |       |       ||    64
       Dagger            |    61 |     6 |       ||    67
       Whip              |       |   140 |   210 ||   350
Throw: Boomerang         |       |       |    13 ||    13
  Use: Potion            |       |     1 |     2 ||     3
Armor: Scale mail        |    68 |       |       ||    68
       Plate armour      |    12 |   133 |    88 ||   233
Dodge: Dodged            |    58 |    51 |    35 ||   144
Block: Buckler           |    34 |    36 |    39 ||   109
